 Dungeon Crawl Stone Soup version 0.28-a0-1002-gf00fe891ef (webtiles) character file.

Game seed: 17198060040133559586

1739 corevian the Covered (level 8, -2/70 HPs)
             Began as a Minotaur Fighter on Dec 6, 2021.
             Killed from afar by a steam dragon (4 damage)
             ... with a ball of steam
             ... on level 6 of the Dungeon.
             The game lasted 00:09:29 (5876 turns).

corevian the Covered (Minotaur Fighter)             Turns: 5876, Time: 00:09:30

Health: -2/70      AC: 10    Str: 24    XL:     8   Next: 77%
Magic:  7/7        EV: 10    Int:  5    God:
Gold:   293        SH:  4    Dex:  9    Spells: 7/7 levels left

rFire   + . .      SeeInvis .   q - +2 short sword (flame)
rCold   . . .      Faith    .   c - +0 buckler
rNeg    . . .      Spirit   .   w - +0 scale mail {rF+}
rPois   .          Reflect  .   (helmet restricted)
rElec   .          Harm     .   (no cloak)
rCorr   .          Rampage  .   u - +1 pair of gloves
Will    .....                   (no boots)
Stlth   ..........              (no amulet)
HPRegen 0.21/turn               (no ring)
MPRegen 0.10/turn               (no ring)

@: no status effects
A: horns 2, retaliatory headbutt
a: no special abilities


You were on level 6 of the Dungeon.
You visited 1 branch of the dungeon, and saw 6 of its levels.

You collected 293 gold pieces.

Inventory:

Hand Weapons
 a - a +0 war axe
 q - a +2 short sword of flaming (weapon)
Armour
 b - a +0 scale mail
 c - a +0 buckler (worn)
 l - a +0 cloak
 m - a +0 pair of gloves
 u - a +1 pair of gloves (worn)
 w - a +0 scale mail of fire resistance (worn)
Jewellery
 i - a ring of poison resistance
 k - a ring of see invisible
 n - a ring of protection from cold
 A - an amulet of guardian spirit
Scrolls
 e - 3 scrolls of summoning {unknown}
 g - a scroll of silence {unknown}
 o - 5 scrolls of identify {unknown}
 p - a scroll of holy word {unknown}
 r - a scroll of immolation {unknown}
 s - 3 scrolls of teleportation {unknown}
 t - 4 scrolls of amnesia {unknown}
 y - a scroll of noise {unknown}
 B - a scroll of torment {unknown}
Potions
 d - 3 potions of might
 f - 3 potions of curing {unknown}
 h - a potion of ambrosia {unknown}
 j - 2 potions of brilliance {unknown}
 v - a potion of mutation {unknown}
 x - a potion of lignification {unknown}
 z - 2 potions of cancellation {unknown}


   Skills:
 + Level 6.1 Fighting
 * Level 7.1 Short Blades
 + Level 5.0 Axes
 + Level 7.9 Armour
 + Level 2.7 Dodging
 + Level 1.0 Stealth
 + Level 5.0 Shields


You had 7 spell levels left.
You didn't know any spells.
Your spell library was empty.

Dungeon Overview and Level Annotations

Branches:
Dungeon (6/15)
 Temple: D:4-7

Altars:
Dithmenos
Fedhas
Hepliaklqana
Qazlal
Ru
Trog
Yredelemnul

Shops:
D:6 (

Annotations:
D:5 3 runed translucent doors, pokeman's ghost, novice DEWz


Innate Abilities, Weirdness & Mutations

You have a pair of horns on your head.
You reflexively headbutt those who attack you in melee.


Message History

The ball of steam hits you. You resist.
You completely miss the steam dragon.
The steam dragon is lightly wounded.
The gnoll sergeant hits you from afar with a +4 vorpal spear.
The gnoll barely misses you.
The steam dragon bites you but does no damage.
The steam dragon claws you but does no damage.
You hit the steam dragon. You burn the steam dragon.
You headbutt the steam dragon, but do no damage.
The steam dragon is heavily wounded.
The gnoll is engulfed in a cloud of scalding steam.
The gnoll sergeant hits you from afar with a +4 vorpal spear!
The gnoll barely misses you.
You hit the steam dragon. You burn the steam dragon.
The steam dragon is heavily wounded.
The steam dragon bites you. The steam dragon barely misses you.
You block the gnoll's attack.
You closely miss the steam dragon.
The steam dragon is heavily wounded.
The gnoll sergeant barely misses you.
The gnoll hits you from afar with a +0 halberd.
The steam dragon bites you but does no damage.
The steam dragon claws you.
* * * LOW HITPOINT WARNING * * *
The gnoll closely misses you.
You barely miss the steam dragon.
The steam dragon is heavily wounded.
The gnoll sergeant hits you from afar with a +4 vorpal spear.
* * * LOW HITPOINT WARNING * * *
x2 The gnoll hits you from afar with a +0 halberd!
* * * LOW HITPOINT WARNING * * *
The steam dragon bites you but does no damage.
You block the steam dragon's attack. The gnoll hits you with a +0 flail.
* * * LOW HITPOINT WARNING * * *
You hit the steam dragon. You burn the steam dragon.
The steam dragon is severely wounded.
The gnoll sergeant barely misses you. The gnoll hits you but does no damage.
The steam dragon breathes steam at you. The ball of steam hits you. You resist.
You die...

#..............).#...
###.....#..........#...
#.......#..§.......
#.......#..........
#.......#.§........
#.......#..........
#.......#..........
#..................
#.....@g)..........
#.....D....$......
#......gg........
###..............
####...........
#...........
#.......... ###.......


You could see a steam dragon (catching breath), a gnoll sergeant and 2 gnolls.

Vanquished Creatures
  A wyvern (D:5)
  An ice beast (D:6)
  A black bear (D:5)
  2 ogres (D:5)
  A necrophage (D:4)
  A centaur (D:5)
  2 bullfrogs
  8 scorpions
  A water moccasin zombie (D:5)
  A water moccasin skeleton (D:4)
  A jelly (D:6)
  2 hounds
  A centaur skeleton (D:4)
  A bullfrog skeleton (D:5)
  Jessica (D:2)
  8 gnolls
  5 adders
  3 adder skeletons (D:4)
  4 worms
  3 dart slugs
  14 orcs
  5 endoplasms
  A giant cockroach (D:4)
  6 goblins
  7 hobgoblins
  2 quokkas
  9 ball pythons
  5 bats
  4 frilled lizards
  6 kobolds
  3 rats
110 creatures vanquished.

Vanquished Creatures (others)
  2 plants (D:1)
2 creatures vanquished.

Grand Total: 112 creatures vanquished

Notes
Turn   | Place    | Note
-------+----------+-------------------------------------------
     0 | D:1      | corevian the Minotaur Fighter began the quest for the Orb.
     0 | D:1      | Reached XP level 1. HP: 19/19 MP: 0/0
   188 | D:1      | Reached XP level 2. HP: 27/27 MP: 1/1
   208 | D:1      | Found a faded altar of an unknown god.
  1205 | D:2      | Noticed Jessica
  1210 | D:2      | Killed Jessica
  1211 | D:2      | Reached XP level 3. HP: 27/33 MP: 2/2
  1363 | D:2      | Reached skill level 5 in Armour
  1546 | D:2      | Reached XP level 4. HP: 40/40 MP: 3/3
  2355 | D:3      | Found a basalt altar of Yredelemnul.
  2376 | D:3      | Found a blossoming altar of Fedhas.
  2401 | D:3      | Noticed a bullfrog
  2409 | D:3      | Killed a bullfrog
  2410 | D:3      | Reached XP level 5. HP: 31/47 MP: 4/4
  2996 | D:4      | Found a stormy altar of Qazlal.
  3009 | D:4      | Reached XP level 6. HP: 50/55 MP: 5/5
  3056 | D:4      | Reached skill level 1 in Short Blades
  3098 | D:4      | Reached skill level 5 in Fighting
  3232 | D:4      | Reached skill level 1 in Dodging
  3587 | D:4      | Found a shadowy altar of Dithmenos.
  3588 | D:4      | Noticed a shadow
  3591 | D:4      | Found a hazy altar of Hepliaklqana.
  3789 | D:4      | Reached skill level 5 in Axes
  3789 | D:4      | Reached XP level 7. HP: 54/61 MP: 6/6
  4134 | D:5      | Entered Level 5 of the Dungeon
  4315 | D:5      | Noticed a wyvern
  4326 | D:5      | Killed a wyvern
  4327 | D:5      | Reached skill level 5 in Short Blades
  4327 | D:5      | Reached XP level 8. HP: 49/70 MP: 7/7
  4479 | D:5      | Found a sacrificial altar of Ru.
  4481 | D:5      | Found a bloodstained altar of Trog.
  5119 | D:5      | Found a runed translucent gate.
  5119 | D:5      | Found a runed translucent gate.
  5120 | D:5      | Found a runed translucent gate.
  5122 | D:5      | Noticed pokeman's ghost (novice DEWz)
  5308 | D:6      | Reached skill level 1 in Stealth
  5482 | D:6      | Found Eruabiota's Weapon Emporium.
  5690 | D:6      | Reached skill level 5 in Shields
  5875 | D:6      | HP: 2/70 [gnoll (2)]
  5876 | D:6      | Killed from afar by a steam dragon

Illustrated notes

Levels and vault maps discovered:
D:1:      dpeg_arrival_signposts, layout_basic, serial_forest,
          infiniplex_forest_end_3, infiniplex_forest_end_2,
          infiniplex_forest_clump_double, infiniplex_forest_lined_room_,
          infiniplex_forest_straight_2, infiniplex_forest_lined_2,
          infiniplex_forest_lined_room_3, infiniplex_forest_end_double,
          infiniplex_forest_clump_curved, hellmonk_ecumenical_altar_crossroads,
          serial_park_tiny_1
D:2:      layout_basic, uniq_jessica
D:3:      layout_loops_cross, mainiacjoe_overflow_six_doors_small,
          mainiacjoe_overflow_boulevard
D:4:      kennysheep_six_static_rooms, layout_loops_ring,
          riverfiend_overflow_shadow_ancestor, nicolae_qazlal_scattered_showers,
          minmay_misc_feat_secret_circle, chequers_serial_rivers_room_a
D:5:      layout_basic, chequers_temple_overflow_statue_of_worship,
          ebering_ghost_rock_garden
D:6:      layout_basic, lemuel_temple_firewalk_a, serial_shops,
          nicolae_shop_statue_plus

Skill      XL: |  1  2  3  4  5  6  7  8 |
---------------+-------------------------+-----
Armour         | 4 5 6 7 |  7.9
Fighting       | 4 5 6 |  6.1
Shields        | 4 5 |  5.0
Axes           | 3 4 5 |  5.0
Short Blades   | 3 5 7 |  7.1
Dodging        | 1 2 |  2.7
Stealth        | 1 |  1.0

Action                   |  1- 3 |  4- 6 |  7- 9 || total
-------------------------+-------+-------+-------++-------
Melee: War axe           |    58 |    57 |       ||   115
       Headbutt          |     8 |    28 |    28 ||    64
       Unarmed           |     1 |       |       ||     1
       Short sword       |       |    75 |   135 ||   210
Armor: Scale mail        |    26 |    59 |    52 ||   137
Dodge: Dodged            |    29 |    70 |    47 ||   146
Block: Buckler           |    10 |    27 |    28 ||    65

Table legend: (Time is in decaauts)
 A = Elapsed time spent in this place.
 B = Non-inter-level travel time spent in this place.
 C = Inter-level travel time spent in this place.
 D = Time resting spent in this place.
 E = Time spent auto-exploring this place.
 F = Levels seen in this place.
 G = Mean time per level.
                   A        B        C        D        E       F      G
               +--------+--------+--------+--------+--------+-----+--------+
         Total |   5894 |   5578 |    316 |      0 |   4777 |   6 |  982.3 |
       Dungeon |   5894 |   5578 |    316 |      0 |   4777 |   6 |  982.3 |
               +--------+--------+--------+--------+--------+-----+--------+

Top non-repeatable levels by time:
     D:1: 1248 daAuts
     D:4: 1212 daAuts
     D:5: 1136 daAuts
     D:3: 938 daAuts
     D:2: 775 daAuts
     D:6: 583 daAuts
